 Dungeon Crawl Stone Soup version 0.30.1-4-g462c640d31 (webtiles) character file.

Game seed: 2679993211283030285

1358 GimliDwarf the Charlatan (level 8, -6/59 HPs)
             Began as a Gnoll Wanderer on Aug 15, 2023.
             Was a Believer of Okawaru.
             Mangled by an unseen horror (8 damage)
             ... on level 6 of the Dungeon.
             The game lasted 00:16:59 (5031 turns).

GimliDwarf the Charlatan (Gnoll Wanderer)           Turns: 5031, Time: 00:17:00

Health: -6/59      AC:  5    Str:  9    XL:     8   Next: 64%
Magic:  14/14      EV: 13    Int: 11    God:    Okawaru [**....]
Gold:   295        SH:  0    Dex: 17    Spells: 8/16 levels left

rFire   . . .        a - +3 falchion (flame)
rCold   . . .        (no shield)
rNeg    . . .        f - +1 leather armour
rPois   .            (no helmet)
rElec   .            (no cloak)
rCorr   .            g - +0 pair of gloves
SInv    .            (no boots)
Will    +....        r - amulet of regeneration
Stlth   +++          l - ring of wizardry
HPRegen 1.09/turn    p - ring of willpower
MPRegen 0.14/turn

%: wizardry (x1)
@: about to teleport, studying Dodging
A: fangs 1, strong nose, distributed training
a: Renounce Religion, Heroism


You were on level 6 of the Dungeon.
You worshipped Okawaru.
Okawaru was pleased with you.
You visited 2 branches of the dungeon, and saw 7 of its levels.

You collected 295 gold pieces.

Inventory:

Hand Weapons
 a - a +3 falchion of flaming (weapon)
Missiles
 k - a boomerang of dispersal
Armour
 f - a +1 leather armour (worn)
 g - a +0 pair of gloves (worn)
 s - the +0 robe "Kixag" {rF++}
   (You found it on level 5 of the Dungeon)

   rF:        It greatly protects you from fire.
Jewellery
 l - a ring of wizardry (left hand)
 p - a ring of willpower (right hand)
 r - an amulet of regeneration (around neck)
 t - a ring of protection from fire
Wands
 h - a wand of mindburst (1)
Scrolls
 v - a scroll of magic mapping
Potions
 b - 2 potions of curing {unknown}
 c - a potion of lignification {unknown}
 d - a potion of ambrosia {unknown}
 e - 3 potions of brilliance
 i - a potion of resistance {unknown}
 j - a potion of berserk rage {unknown}
 m - a potion of cancellation {unknown}
 n - 2 potions of flight {unknown}
 o - a potion of attraction {unknown}
 q - a potion of haste {unknown}
 w - a potion of magic {unknown}


   Skills:
 + Level 3.6 Fighting
 + Level 3.6 Short Blades
 + Level 7.5 Long Blades
 + Level 3.6 Axes
 + Level 3.6 Maces & Flails
 + Level 3.6 Polearms
 + Level 3.6 Staves
 + Level 3.6 Ranged Weapons
 + Level 3.6 Throwing
 + Level 3.6 Armour
 + Level 4.8 Dodging
 + Level 4.3 Stealth
 + Level 3.6 Shields
 + Level 3.6 Unarmed Combat
 + Level 4.6 Spellcasting
 + Level 2.9 Conjurations
 + Level 2.9 Hexes
 + Level 2.9 Summonings
 + Level 2.9 Necromancy
 + Level 2.9 Translocations
 + Level 2.9 Transmutations
 + Level 2.9 Fire Magic
 + Level 2.9 Ice Magic
 + Level 4.8 Air Magic
 + Level 2.9 Earth Magic
 + Level 2.9 Poison Magic
 + Level 4.0 Invocations
 + Level 7.5 Evocations


You had 8 spell levels left.
You knew the following spells:

 Your Spells              Type           Power      Damage    Failure   Level
a - Necrotise             Necr           36%        1d5       3%          1
b - Cigotuvi's Dreadful   Necr/Pois/Air  20%        N/A       4%          2
c - Vampiric Draining     Necr           9%         2d6       11%         3
d - Static Discharge      Conj/Air       22%        2-3/arc   3%          2

Your spell library contained the following spells:

 Spells                   Type           Power      Damage    Failure   Level
 Agony                    Necr           9%         N/A       65%         5
 Chain Lightning          Conj/Air       5%         3d7       100%        9
 Fire Storm               Conj/Fire      4%         8d1       100%        9
 Shatter                  Erth           4%         3d8*      100%        9


Dungeon Overview and Level Annotations

Branches:
Dungeon (6/15)             Temple (1/1) D:4

Altars:
Ashenzari
Cheibriados
Fedhas
Gozag
Hepliaklqana
Kikubaaqudgha
Okawaru
Qazlal
Ru
Sif Muna
Trog
Uskayaw
Vehumet
Xom
Yredelemnul
Zin

Shops:
D:1 !   D:4 :


Innate Abilities, Weirdness & Mutations

You have very sharp teeth.
Your uncanny sense of smell can sniff out nearby items.
Your experience applies equally to all skills.


Message History

Things that are here:
a +0 short sword; a +0 scale mail; an orc corpse You catch the helpless orc completely off-guard!
You hit the orc. You burn the orc. Your bite misses the orc.
The orc is moderately wounded.
The orc hits you but does no damage.
You hit the orc. You burn the orc.
You kill the orc!
Okawaru accepts your kill.
Your life force feels restored.
Things that are here:
a +0 club; a +0 leather armour Something completely misses you.
Something hits you!
Deactivating autopickup; reactivate with Ctrl-A.
Something barely misses you.
You hit something but do no damage. Something hits you! Something hits you.
The orc hits you from afar with a +0 trident.
Something barely misses you. Something barely misses you. Something hits you.
Something hits you!
The orc hits you from afar with a +0 trident.
Something hits you!
* * * LOW HITPOINT WARNING * * *
Something hits you but does no damage. The orc hits you but does no damage.
Something hits you.
* * * LOW HITPOINT WARNING * * *
The orc closely misses you. Something hits you.
* * * LOW HITPOINT WARNING * * *
Okay, then.
As you read the scroll of teleportation, it crumbles to dust.
You feel strangely unstable. Something hits you.
* * * LOW HITPOINT WARNING * * *
The orc hits you but does no damage.
You hit the orc but do no damage. Something hits you.
* * * LOW HITPOINT WARNING * * *
The orc barely misses you. Something barely misses you.
You hit the orc but do no damage. Something hits you!
You die...

# # # ######
##....#####
#.####.#$:# #.#
#.#).### #.#
#.###o.# #
#.####.###.@#
#######..#.##..###
....# #.)#)##).###
###.####'#.####).#
#.'....#.####).#
###.88.##)...###
#.88.#######
#....# ######


You could see an orc.

Vanquished Creatures
  2 black bears
  4 ogres
  A bullfrog (D:4)
  A scorpion (D:6)
  4 hounds
  2 jellies
  5 orc priests
  A gnoll bouda (D:4)
  3 iguanas (D:5)
  A sleepcap (D:6)
  An orc wizard (D:5)
  8 adders
  4 gnolls
  A shadow imp (D:6)
  2 white imps
  2 ufetubi
  A worm (D:3)
  2 dart slugs (D:1)
  15 orcs
  6 ball pythons
  4 endoplasms
  A giant cockroach (D:1)
  6 goblins
  6 hobgoblins
  4 jackals
  9 kobolds
  4 quokkas
  A bat (D:3)
  2 frilled lizards
  3 rats
106 creatures vanquished.

Vanquished Creatures (collateral kills)
  A hobgoblin (D:4)
  A goblin (D:4)
2 creatures vanquished.

Vanquished Creatures (others)
  A scorpion (D:4)
1 creature vanquished.

Grand Total: 109 creatures vanquished

Notes
Turn   | Place    | Note
-------+----------+-------------------------------------------
     0 | D:1      | GimliDwarf the Gnoll Wanderer began the quest for the Orb.
     0 | D:1      | GimliDwarf set off with the following items: a +2 falchion,
                  | a wand of flame (3), a scroll of fear, a +0 robe; and the
                  | following spells available to memorise: Static Discharge,
                  | Cigotuvi's Dreadful Rot.
     0 | D:1      | Reached XP level 1. HP: 13/13 MP: 4/4
   223 | D:1      | Found Dixew's Distillery.
   231 | D:1      | Reached XP level 2. HP: 19/19 MP: 5/5
   555 | D:1      | Reached XP level 3. HP: 18/25 MP: 7/7
  1526 | D:3      | Reached skill level 1 in Invocations
  1570 | D:3      | Noticed a +0 short sword
  1571 | D:3      | Noticed a +0 short sword
  1571 | D:3      | Noticed a +0 spear
  1572 | D:3      | Noticed a +0 dagger
  1572 | D:3      | Noticed a +0 spear
  1572 | D:3      | Noticed a +0 falchion
  1573 | D:3      | Noticed a +0 falchion
  1573 | D:3      | Noticed a +0 dagger
  1574 | D:3      | Found a hide-covered altar of Uskayaw.
  1797 | D:3      | Learned a level 1 spell: Necrotise
  1807 | D:3      | Reached skill level 1 in Fighting
  1807 | D:3      | Reached skill level 1 in Short Blades
  1807 | D:3      | Reached skill level 1 in Axes
  1807 | D:3      | Reached skill level 1 in Maces & Flails
  1807 | D:3      | Reached skill level 1 in Polearms
  1807 | D:3      | Reached skill level 1 in Staves
  1807 | D:3      | Reached skill level 1 in Ranged Weapons
  1807 | D:3      | Reached skill level 1 in Throwing
  1807 | D:3      | Reached skill level 1 in Armour
  1807 | D:3      | Reached skill level 1 in Dodging
  1807 | D:3      | Reached skill level 1 in Shields
  1807 | D:3      | Reached skill level 1 in Unarmed Combat
  1854 | D:3      | Found a bloodstained altar of Trog.
  1881 | D:3      | Found a shimmering altar of Xom.
  1881 | D:3      | Found a shimmering altar of Xom.
  1882 | D:3      | Found a shimmering altar of Xom.
  1882 | D:3      | Found a shimmering altar of Xom.
  1883 | D:3      | Found a shimmering altar of Xom.
  1883 | D:3      | Found a shimmering altar of Xom.
  1884 | D:3      | Found a shimmering altar of Xom.
  1963 | D:3      | Reached XP level 4. HP: 32/32 MP: 2/8
  2146 | D:4      | Noticed a scorpion
  2152 | D:4      | Learned a level 2 spell: Cigotuvi's Dreadful Rot
  2152 | D:4      | Noticed a black bear
  2162 | D:4      | Killed a black bear
  2163 | D:4      | Reached skill level 1 in Conjurations
  2163 | D:4      | Reached skill level 1 in Hexes
  2163 | D:4      | Reached skill level 1 in Summonings
  2163 | D:4      | Reached skill level 1 in Necromancy
  2163 | D:4      | Reached skill level 1 in Translocations
  2163 | D:4      | Reached skill level 1 in Transmutations
  2163 | D:4      | Reached skill level 1 in Fire Magic
  2163 | D:4      | Reached skill level 1 in Ice Magic
  2163 | D:4      | Reached skill level 1 in Earth Magic
  2163 | D:4      | Reached skill level 1 in Poison Magic
  2163 | D:4      | Reached XP level 5. HP: 37/37 MP: 9/9
  2164 | D:4      | Noticed an ogre
  2364 | D:4      | Found Cowkir's Book Shoppe.
  2447 | D:4      | Reached XP level 6. HP: 12/44 MP: 2/11
  3279 | D:4      | Found a staircase to the Ecumenical Temple.
  3413 | Temple   | Entered the Ecumenical Temple
  3637 | Temple   | Became a worshipper of Warmaster Okawaru
  3666 | D:5      | Entered Level 5 of the Dungeon
  3899 | D:5      | Reached XP level 7. HP: 46/47 MP: 12/12
  3984 | D:5      | Identified the +0 robe "Kixag" {rF++}
  3997 | D:5      | Found a sacrificial altar of Ru.
  4020 | D:5      | Found a stormy altar of Qazlal.
  4059 | D:5      | Reached * piety under Okawaru
  4331 | D:4      | Learned a level 3 spell: Vampiric Draining
  4334 | D:4      | Learned a level 2 spell: Static Discharge
  4363 | D:4      | Reached XP level 8. HP: 25/58 MP: 7/14
  4789 | D:6      | Reached ** piety under Okawaru
  5030 | D:6      | HP: 1/59 [something (5)]
  5031 | D:6      | Mangled by an unseen horror

Illustrated notes

Levels and vault maps discovered:
D:1:      dpeg_cavernosity, layout_basic, serial_shops,
          nicolae_shop_just_a_little_nook
D:2:      layout_loops_ring
D:3:      layout_rooms, xom_redecorated, nicolae_uskayaw_en_pointe, bloody_trog
D:4:      layout_basic, minmay_temple_entry_gardened_gates, serial_shops,
          nicolae_inconvenience_store, minmay_manual_mail
D:5:      layout_rooms, mainiacjoe_overflow_six_doors_small,
          nicolae_ru_great_annihilating_truth, minmay_fractal_squares_gapless_5
D:6:      minmay_chambers_of_fours, layout_basic,
          nicolae_tso_swordbearing_angel, nemelex_spade_bored_becter
Temple:   chequers_temple_sunken

Skill      XL: |  1  2  3  4  5  6  7  8 |
---------------+-------------------------+-----
Invocations    | 1 2 3 4 |  4.0
Fighting       | 1 2 3 |  3.6
Short Blades   | 1 2 3 |  3.6
Axes           | 1 2 3 |  3.6
Maces & Flails | 1 2 3 |  3.6
Polearms       | 1 2 3 |  3.6
Staves         | 1 2 3 |  3.6
Ranged Weapons | 1 2 3 |  3.6
Throwing       | 1 2 3 |  3.6
Armour         | 1 2 3 |  3.6
Dodging        | 1 2 3 4 |  4.8
Shields        | 1 2 3 |  3.6
Unarmed Combat | 1 2 3 |  3.6
Spellcasting   | 3 4 |  4.6
Conjurations   | 1 2 |  2.9
Hexes          | 1 2 |  2.9
Summonings     | 1 2 |  2.9
Necromancy     | 1 2 |  2.9
Translocations | 1 2 |  2.9
Transmutations | 1 2 |  2.9
Fire Magic     | 1 2 |  2.9
Ice Magic      | 1 2 |  2.9
Air Magic      | 4 |  4.8
Earth Magic    | 1 2 |  2.9
Poison Magic   | 1 2 |  2.9
Stealth        | 3 4 |  4.3
Long Blades    | 7 |  7.5
Evocations     | 7 |  7.5

Action                     |  1- 3 |  4- 6 |  7- 9 || total
---------------------------+-------+-------+-------++-------
  Melee: Falchion          |   102 |    41 |   141 ||   284
         Bite              |     6 |     5 |    13 ||    24
         Punch             |       |     2 |     2 ||     4
   Cast: Necrotise         |     5 |    41 |     3 ||    49
         Cigotuvi's Dreadf |       |     3 |     1 ||     4
         Vampiric Draining |       |       |     6 ||     6
         Static Discharge  |       |       |     1 ||     1
  Evoke: Wand              |     2 |     2 |     1 ||     5
    Use: Scroll            |     5 |     7 |     2 ||    14
   Stab: Sleeping          |     4 |     2 |     6 ||    12
         Paralysed         |       |       |     2 ||     2
         Distracted        |       |       |     2 ||     2
 Armour: Robe              |     5 |       |       ||     5
         Leather armour    |    28 |    18 |    37 ||    83
  Dodge: Dodged            |    65 |    39 |   101 ||   205
